 Dungeon Sprint DCSS version 0.29-a0-275-g389c0b56f3 (webtiles) character file.

Game seed: 12628302509653093216

1148 mhtbhm the Protected (level 8, -6/82 HPs)
             Began as a Minotaur Fighter on Mar 12, 2022.
             Shot with a bolt by a yaktaur (23 damage)
             ... in the Dungeon (Sprint II: "The Violet Keep of Menkaure").
             The game lasted 00:00:54 (414 turns).

mhtbhm the Protected (Minotaur Fighter)              Turns: 414, Time: 00:00:54

Health: -6/82      AC:  9    Str: 24    XL:     8   Next: 15%
Magic:  7/7        EV: 10    Int:  5    God:
Gold:   486        SH:  6    Dex:  9    Spells: 7/7 levels left

rFire   . . .      SeeInvis .   a - +0 war axe
rCold   . . .      Faith    .   c - +0 buckler
rNeg    . . .      Spirit   .   b - +0 scale mail
rPois   .          Reflect  .   (helmet restricted)
rElec   .          Harm     .   (no cloak)
rCorr   .          Rampage  .   (no gloves)
Will    .....      NoTele   +   (no boots)
Stlth   ..........              (no amulet)
HPRegen 0.23/turn               (no ring)
MPRegen 0.10/turn               (no ring)

@: mighty, hasted and slowed
A: horns 2, retaliatory headbutt
a: no special abilities


You were in the Dungeon.
You visited 1 branch You collected 486 gold pieces.

Inventory:

Hand Weapons
 a - a +0 war axe (weapon)
Armour
 b - a +0 scale mail (worn)
 c - a +0 buckler (worn)
Scrolls
 j - a scroll of blinking
Potions
 e - a potion of curing
 h - 2 potions of magic


   Skills:
 + Level 11.5 Fighting
 + Level 10.7 Axes
 + Level 12.0 Armour
 + Level 1.1 Dodging
 + Level 0.1 Stealth
 + Level 10.8 Shields


You had 7 spell levels left.
You didn't know any spells.
Your spell library was empty.

Dungeon Overview and Level Annotations

Branches:
Dungeon (1/1)

Altars:
Cheibriados
Dithmenos
Elyvilon
Fedhas
Gozag
Hepliaklqana
Kikubaaqudgha
Makhleb
Nemelex Xobeh
Okawaru
Qazlal
Ru
Sif Muna
Trog
Uskayaw
Vehumet
Wu Jian
Xom
Yredelemnul
Zin
The Shining One
Beogh
Jiyva
Lugonu


Innate Abilities, Weirdness & Mutations

You have a pair of horns on your head.
You reflexively headbutt those who attack you in melee.


Message History

The polar bear barely misses you.
Unknown command.
You slash the polar bear! You headbutt the polar bear.
You kill the polar bear!
You slash the polar bear!
Your Fighting skill increases to level 11!
Your Axes skill increases to level 10!
Unknown command.
Unknown command.
You feel much better. The polar bear bites you. The polar bear claws you.
The polar bear barely misses you.
You hit the polar bear.
The polar bear is heavily wounded.
The polar bear bites you but does no damage.
The polar bear claws you but does no damage. x2
Unknown command.
You barely miss the polar bear.
The polar bear is heavily wounded.
You completely miss the polar bear. You headbutt the polar bear!!
You kill the polar bear!
The yaktaur wields a +0 arbalest.
The yaktaur shoots a bolt.
The bolt hits you!
Your Armour skill increases to level 12!
Your Dodging skill increases to level 1!
You have reached level 8!
You feel stronger.
You hit the hornet.
The hornet is lightly wounded.
The hornet barely misses you.
You slash the hornet!
The hornet is moderately wounded.
The hornet closely misses you.
You slice the hornet!!
The hornet is almost dead.
The hornet stings you!
* * * LOW HITPOINT WARNING * * *
You feel yourself slow down.
You hit the hornet but do no damage. You headbutt the hornet.
You kill the hornet!
The yaktaur shoots a bolt.
The bolt hits you!!
You die... #..# ...# ...# .# ###..## #..# .# $?? '###.##..# +..# .# ($$ .##...#..# #^.# .# )!$:

<.†.##'..### ..##.#▓$??[
.##...#....###...##▓▓▓▓▓
+###.##.§....§§c≈≈≈≈≈≈≈≈
###≈≈.....÷#†########
#≈≈≈≈§≈≈..≈#_@_._...#
#≈≈§§§≈§§§≈#._._._._#
#≈≈≈§≈§≈§≈≈≈#_._._._.#
≈≈≈≈≈§≈§≈≈≈≈≈#._._._._#
'''#§≈≈≈≈≈≈≈§#.._._._.#
##§≈≈###≈≈#..._._._#
#≈≈#...._._.#
#§§#....._..#


You could see a yaktaur.

Vanquished Creatures
  3 polar bears (D)
  A hornet (D)
  Menkaure (D)
  4 necrophages (D)
  4 scorpions (D)
13 creatures vanquished.

Vanquished Creatures (others)
  A water moccasin (D)
1 creature vanquished.

Grand Total: 14 creatures vanquished

Notes
Turn   | Place    | Note
-------+----------+-------------------------------------------
     0 | D        | mhtbhm the Minotaur Fighter began the quest for the Orb.
     0 | D        | Reached XP level 1. HP: 19/19 MP: 0/0
     1 | D        | Noticed a scorpion
     1 | D        | Noticed a scorpion
     5 | D        | Killed a scorpion
     5 | D        | Noticed a scorpion
     5 | D        | Noticed a scorpion
     6 | D        | Reached skill level 6 in Armour
     6 | D        | Reached XP level 2. HP: 30/30 MP: 1/1
     6 | D        | Reached XP level 3. HP: 37/37 MP: 2/2
     7 | D        | Killed a scorpion
     8 | D        | Reached skill level 7 in Armour
     8 | D        | Reached XP level 4. HP: 40/45 MP: 3/3
    11 | D        | Killed a scorpion
    12 | D        | Reached skill level 8 in Armour
    12 | D        | Reached XP level 5. HP: 44/53 MP: 4/4
    13 | D        | Reached skill level 5 in Axes
    29 | D        | Killed a water moccasin
   183 | D        | Reached skill level 9 in Armour
   183 | D        | Reached XP level 6. HP: 62/62 MP: 5/5
   185 | D        | Noticed Menkaure
   194 | D        | Reached skill level 10 in Armour
   204 | D        | Killed Menkaure
   205 | D        | Reached skill level 10 in Fighting
   205 | D        | Reached skill level 10 in Shields
   205 | D        | Reached XP level 7. HP: 32/72 MP: 6/6
   387 | D        | Found an iron altar of Okawaru.
   387 | D        | Found an opulent altar of Gozag.
   388 | D        | Found a sparkling altar of Nemelex Xobeh.
   388 | D        | Found a blossoming altar of Fedhas.
   389 | D        | Found a radiant altar of Vehumet.
   389 | D        | Found a burning altar of Makhleb.
   389 | D        | Found a white marble altar of Elyvilon.
   390 | D        | Found a hide-covered altar of Uskayaw.
   390 | D        | Found a corrupted altar of Lugonu.
   390 | D        | Found a shadowy altar of Dithmenos.
   391 | D        | Found a glowing silver altar of Zin.
   391 | D        | Found a bloodstained altar of Trog.
   391 | D        | Found an ancient bone altar of Kikubaaqudgha.
   392 | D        | Found a basalt altar of Yredelemnul.
   392 | D        | Found a shimmering blue altar of Sif Muna.
   392 | D        | Found a viscous altar of Jiyva.
   393 | D        | Found a shimmering altar of Xom.
   393 | D        | Found a sacrificial altar of Ru.
   395 | D        | Found a glowing golden altar of the Shining One.
   395 | D        | Found an ornate altar of the Wu Jian Council.
   395 | D        | Found a stormy altar of Qazlal.
   395 | D        | Found a snail-covered altar of Cheibriados.
   395 | D        | Found a hazy altar of Hepliaklqana.
   395 | D        | Noticed a hornet
   395 | D        | Noticed a polar bear
   395 | D        | Noticed a polar bear
   395 | D        | Noticed a polar bear
   395 | D        | Noticed a yaktaur
   404 | D        | Killed a polar bear
   405 | D        | Reached skill level 11 in Armour
   406 | D        | Killed a polar bear
   407 | D        | Reached skill level 10 in Axes
   410 | D        | Killed a polar bear
   411 | D        | Reached skill level 12 in Armour
   411 | D        | Reached skill level 1 in Dodging
   411 | D        | Reached XP level 8. HP: 30/82 MP: 7/7
   414 | D        | Killed a hornet
   414 | D        | Shot with a bolt by a yaktaur

Illustrated notes

Levels and vault maps discovered:
D:        the_violet_keep_of_menkaure [sprint2_stairs_cluster_1,
          sprint2_shoproom, sprint2_temple, sprint2_basic_supplies,
          sprint2_obstacle_1, sprint2_obstacle_5, sprint2_obstacle_2,
          sprint2_obstacle_6, sprint2_obstacle_3, sprint2_timed_cluster_1,
          sprint2_smallroom_cluster_1, sprint2_smallroom_final_cluster_1,
          sprint2_transparent_cluster_1, sprint2_second_timed_cluster_1,
          sprint2_sniper_area_1, sprint2_heavy_combat_area_1,
          sprint2_mutation_trap_area_1, sprint2_forest_area_1,
          sprint2_light_combat_area_1, sprint2_behind_water_1,
          sprint2_near_end_vault_1]

Skill      XL: |  1  2  3  4  5  6  7 |
---------------+----------------------+-----
Fighting       | 6 7 8 10 11 | 11.5
Axes           | 3 4 6 7 10 | 10.7
Armour         | 6 7 8 9 10 12 | 12.0
Shields        | 6 7 8 10 | 10.8
Dodging        | 1 |  1.1
Stealth        | |  0.1

Action                   |  1- 3 |  4- 6 |  7- 9 || total
-------------------------+-------+-------+-------++-------
Melee: War axe           |     4 |    32 |    15 ||    51
       Headbutt          |     1 |       |     5 ||     6
  Use: Potion            |     1 |       |     3 ||     4
Armor: Scale mail        |       |     7 |     8 ||    15
Dodge: Dodged            |     2 |    13 |    12 ||    27
Block: Buckler           |       |     7 |     1 ||     8

Table legend: (Time is in decaauts)
 A = Elapsed time spent in this place.
 B = Non-inter-level travel time spent in this place.
 C = Inter-level travel time spent in this place.
 D = Time resting spent in this place.
 E = Time spent auto-exploring this place.
 F = Levels seen in this place.
 G = Mean time per level.
                   A        B        C        D        E       F      G
               +--------+--------+--------+--------+--------+-----+--------+
         Total |    428 |    428 |      0 |    340 |      0 |   1 |  428.0 |
       Dungeon |    428 |    428 |      0 |    340 |      0 |   1 |  428.0 |
               +--------+--------+--------+--------+--------+-----+--------+

Top non-repeatable levels by time:
       D: 428 daAuts
